 Dungeon Crawl Stone Soup version 0.16-a0-2652-gd333f3b (webtiles) character file.

67 RobertPalmer the Sneak (level 4, 24/28 HPs)
             Began as an Octopode Artificer on Nov 23, 2014.
             Quit the game on level 2 of the Dungeon.
             The game lasted 00:01:53 (1886 turns).

RobertPalmer the Sneak (Octopode Artificer)         Turns: 1886, Time: 00:01:54

Health: 24/28      AC:  1    Str: 10    XL:     4   Next: 16%
Magic:  6/6        EV: 12    Int: 15    God:
Gold:   95         SH:  0    Dex: 12    Spells: 0 memorised, 3 levels left

rFire  . . .     SeeInvis .     a - +0 short sword
rCold  . . .     Clarity  .     (no shield)
rNeg   . . .     SustAb   .     (helmet restricted)
rPois  .         Gourm    .     (no amulet)
rElec  .         Spirit   .     (no ring)
rCorr  .         Warding  .     (no ring)
rMut   .         Stasis   .     (no ring)
MR     .....                    (no ring)
Stlth  ++++......               (no ring)
                                (no ring)
                                (no ring)
                                (no ring)

@: not resistant to hostile enchantments, stealthy
A: almost no armour, amphibious, 8 rings, constrict 8, camouflage 1, gelatinous
body 1
a: no special abilities


You were on level 2 of the Dungeon.
You were hungry.

You visited 1 branch of the dungeon, and saw 2 of its levels.

You collected 95 gold pieces.


Innate Abilities, Weirdness & Mutations

You cannot wear most types of armour.
You are amphibious.
You can wear up to eight rings at the same time.
You can use your tentacles to constrict many enemies at once.
Your skin changes colour to match your surroundings (Stealth).
Your rubbery body absorbs attacks (AC +1).


   Skills:
 - Level 1.0 Fighting
 - Level 1.0 Short Blades
 - Level 2.0 Dodging
 + Level 5.6 Stealth
 - Level 3.2 Evocations


You had 3 spell levels left.
You didn't know any spells.

Inventory:

Hand weapons
 a - a +0 short sword (weapon)
Missiles
 k - a throwing net (quivered)
Magical devices
 b - a wand of flame (11)
 c - a wand of enslavement (15)
 d - a wand of random effects (15)
Scrolls
 e - 2 scrolls of remove curse {unknown}
 g - a scroll of blinking {unknown}
 i - a scroll of random uselessness {unknown}
 l - a scroll of recharging {unknown}
 m - a scroll of enchant weapon {unknown}
 n - a scroll of teleportation {unknown}
 q - 2 scrolls of amnesia {unknown}
Potions
 h - a potion of agility {unknown}
 j - 2 potions of curing {unknown}
 o - a potion of magic {unknown}
 p - a potion of restore abilities {unknown}
Comestibles
 f - a bread ration

Dungeon Overview and Level Annotations

Branches:
Dungeon (2/15)

Altars:
Gozag

##. #. #. ...##.
#.###..##. ##+##
........##.##...##
.........#.....##
##.#.# ##.......##
##....###.......†.#
#....)..(.........+
##..@..##.........#
#.†.#.###.......##
#.#...# ##..†..##
#.##### ##...## #
##'## #.# #.# ##.##
##...##


There were no monsters in sight!


Message History

A bat is nearby!
A bat is nearby!
The helpless bat fails to defend itself.
You impale the bat!!
You kill the bat!
No target in view!
e - 2 scrolls labeled BEUS APTEI (gained 1)
You open the door.
A kobold comes into view. It is wielding a short sword.
A kobold is nearby!
A kobold is nearby!
The kobold shouts!
The kobold throws a stone.
The stone hits you but does no damage.
There is an open door here.
You see here a stone.
The kobold misses you.
You miss the kobold. You grab the kobold. You constrict the kobold.
The kobold hits you with a short sword.
You hit the kobold.
You kill the kobold!
A hobgoblin comes into view.
The hobgoblin closely misses you.
You closely miss the hobgoblin. You grab the hobgoblin.
The hobgoblin barely misses you.
You hit the hobgoblin.
The hobgoblin is lightly wounded.
You constrict the hobgoblin. The hobgoblin hits you.
You hit the hobgoblin.
You kill the hobgoblin!
Are you sure you want to abandon this character and quit the game? (Confirm with "yes".)

Action                   |  1- 3 |  4- 6 || total
-------------------------+-------+-------++-------
Melee: Short sword       |    61 |    11 ||    72
Evoke: Wand              |     4 |       ||     4
 Stab: Sleeping          |     4 |     2 ||     6
       Distracted        |     1 |       ||     1
  Eat: Chunk             |     2 |       ||     2

Vault maps used:
D:1:      dpeg_arrival_simpleton_a
D:2:      nicolae_gozag_cash_rules_everything_around_me, first_bread

Notes
Turn   | Place    | Note
--------------------------------------------------------------
     0 | D:1      | RobertPalmer, the Octopode Artificer, began the quest for the Orb.
     0 | D:1      | Reached XP level 1. HP: 13/13 MP: 1/1
   122 | D:1      | Reached skill level 2 in Stealth
   415 | D:1      | Reached skill level 3 in Stealth
   415 | D:1      | Reached XP level 2. HP: 18/18 MP: 3/3
  1226 | D:1      | Reached skill level 4 in Stealth
  1265 | D:2      | Reached XP level 3. HP: 23/23 MP: 4/4
  1293 | D:2      | Found an opulent altar of Gozag.
  1508 | D:2      | Reached skill level 5 in Stealth
  1716 | D:2      | Reached XP level 4. HP: 24/28 MP: 6/6
  1886 | D:2      | Quit the game

Vanquished Creatures
  3 adders (D:2)
  A giant gecko (D:1)
  An ooze (D:2)
  5 bats
  4 giant cockroaches
  2 hobgoblins (D:2)
  5 jackals (D:1)
  6 kobolds
  3 giant newts
  A goblin (D:2)
  5 rats
36 creatures vanquished.
